 Dungeon Crawl Stone Soup version 0.31-a0-441-g867994ef1c (webtiles) character file.

Game seed: 16921525436527266798

1122 ryw the Ruffian (level 8, 0/79 HPs)
             Began as a Troll Fighter on Aug 2, 2023.
             Slain by a gnoll sergeant
             ... wielding a +0 trident
              (10 damage)
             ... on level 5 of the Dungeon.
             The game lasted 00:10:30 (3429 turns).

ryw the Ruffian (Troll Fighter)                     Turns: 3429, Time: 00:10:31

Health: 0/79       AC:  6    Str: 27    XL:     8   Next: 12%
Magic:  7/7        EV:  9    Int:  4    God:
Gold:   160        SH:  9    Dex:  9    Spells: 7/7 levels left

rFire   + .          .
                       - Unarmed
rCold   . . .        b - +1 kite shield
rNeg    . . .        c - +1 robe {rF+}
rPois   .            (helmet restricted)
rElec   .            o - +0 cloak
rCorr   .            (gloves unavailable)
SInv    .            (boots unavailable)
Will    .....        (no amulet)
Stlth   +            (no ring)
HPRegen 1.13/turn    (no ring)
MPRegen 0.10/turn

%: no passive effects
@: slowed, very slow
A: large, unfitting armour, claws 3, regeneration 1, shaggy fur 1, tough skin 1
a: no special abilities


You were on level 5 of the Dungeon.
You visited 1 branch of the dungeon, and saw 5 of its levels.

You collected 259 gold pieces.
You spent 99 gold pieces at shops.

Inventory:

Armour
 b - a +1 kite shield (worn)
 c - a +1 robe of fire resistance (worn)
 o - a +0 cloak (worn)
Talismans
 l - a blade talisman
Wands
 q - a wand of digging (9)
Scrolls
 f - a scroll of vulnerability {unknown}
 g - 2 scrolls of fog
 k - a scroll of enchant armour
 p - 2 scrolls of teleportation
 r - a scroll of fear {unknown}
Potions
 d - a potion of invisibility {unknown}
 e - a potion of lignification
 h - a potion of berserk rage
 i - 2 potions of brilliance
 m - a potion of attraction {unknown}
 n - 2 potions of curing {unknown}


   Skills:
 + Level 4.8 Fighting
 - Level 3.0 Dodging
 + Level 5.3 Shields
 * Level 6.3 Unarmed Combat


You had 7 spell levels left.
You didn't know any spells.
Your spell library contained the following spells:

 Spells                   Type           Power      Damage    Failure   Level
 Cause Fear               Hex            0%         N/A       100%        4
 Fireball                 Conj/Fire      0%         3d3       100%        5
 Conjure Ball Lightning   Conj/Air       0%         3x3d6     100%        6
 Discord                  Hex            0%         N/A       100%        8
 Disjunction              Tloc           0%         N/A       100%        8
 Dragon's Call            Summ           0%         N/A       100%        9


Dungeon Overview and Level Annotations

Branches:
Dungeon (5/15)
 Temple: D:4-7

Altars:
Hepliaklqana
Nemelex Xobeh
Vehumet
Wu Jian

Shops:
D:1 :   D:4 [   D:5 *


Innate Abilities, Weirdness & Mutations

You are too large for most types of armour.
You have claws for hands.
Your natural rate of healing is unusually fast.
You are covered in fur. (AC +1)
You have tough skin. (AC +1)


Message History

The gnoll sergeant closely misses you.
You feel yourself speed up.
You see here an adder corpse.
Things that are here:
a +0 whip; a +0 leather armour; a gnoll corpse
Things that are here:
a +0 club; a +0 chain mail; an orc corpse The kobold brigand throws a curare-tipped dart.
The curare-tipped dart hits you.
You are poisoned.
You have difficulty breathing.
You feel yourself slow down.
You feel very sick.
The kobold brigand throws a curare-tipped dart.
The curare-tipped dart hits you.
You are more poisoned.
You have difficulty breathing.
You feel as though you will be slow longer.
The gnoll sergeant hits you from afar with a +0 trident!
You feel extremely sick.
You feel extremely sick. You block the gnoll sergeant's attack.
The kobold brigand throws a curare-tipped dart.
The curare-tipped dart hits you.
You are more poisoned.
You have difficulty breathing.
You feel as though you will be slow longer.
You feel extremely sick.
You feel very sick. You block the gnoll sergeant's attack.
You feel very sick.
You feel very sick. The gnoll sergeant barely misses you.
You feel sick.
You feel sick. You block the gnoll sergeant's attack.
You feel sick.
There is a stone staircase leading up here.
You feel sick.
You are no longer poisoned.
The gnoll sergeant hits you from afar with a +0 trident!
You die...

..
##..####.....................
.
##..####....................
#.......#..................
##.......####...............
##..##.##..# ###.......#####.
##..###.###K# ##...###.# #.
.###..###..# #g####.....##.#
##
#.....###.#####.##..###....#
# ###...........#.@##.#
###..# # #####.#######..####
#### ### ##.# ###


You could see a kobold brigand and a gnoll sergeant.

Vanquished Creatures
  A wyvern (D:5)
  Duvessa (D:5)
  A black bear (D:4)
  4 scorpions
  Dowan (D:5)
  3 jellies (D:5)
  3 hounds (D:5)
  A gnoll bouda (D:5)
  2 sleepcaps (D:5)
  An iguana (D:4)
  An orc wizard (D:4)
  6 adders
  2 white imps (D:5)
  3 ufetubi (D:5)
  4 worms
  5 dart slugs
  10 orcs
  3 ball pythons
  9 bats
  4 endoplasms
  6 giant cockroaches
  3 goblins
  7 hobgoblins
  3 jackals (D:2)
  11 quokkas
  3 frilled lizards
  10 kobolds
  7 rats
115 creatures vanquished.

Notes
Turn   | Place    | Note
-------+----------+-------------------------------------------
     0 | D:1      | ryw the Troll Fighter began the quest for the Orb.
     0 | D:1      | Reached XP level 1. HP: 22/22 MP: 0/0
    58 | D:1      | Reached XP level 2. HP: 29/29 MP: 1/1
   278 | D:1      | Found Baopomau's Book Boutique.
   402 | D:1      | Reached XP level 3. HP: 36/36 MP: 2/2
  1236 | D:2      | Reached XP level 4. HP: 44/44 MP: 3/3
  1302 | D:3      | Noticed a scorpion
  1306 | D:3      | Killed a scorpion
  1307 | D:3      | Reached skill level 3 in Unarmed Combat
  1307 | D:3      | Reached XP level 5. HP: 49/53 MP: 4/4
  1862 | D:4      | Noticed a black bear
  1870 | D:4      | Killed a black bear
  1907 | D:4      | Reached XP level 6. HP: 61/61 MP: 5/5
  1915 | D:4      | Found a hazy altar of Hepliaklqana.
  2013 | D:4      | Found Xiefuinu's Antique Armour Emporium.
  2017 | D:4      | Bought a cloak for 99 gold pieces
  2332 | D:4      | Found a radiant altar of Vehumet.
  2336 | D:4      | Found an ornate altar of the Wu Jian Council.
  2341 | D:4      | Found a sparkling altar of Nemelex Xobeh.
  2425 | D:5      | Entered Level 5 of the Dungeon
  2544 | D:5      | Reached skill level 4 in Unarmed Combat
  2657 | D:5      | Found Cufoogh's Assorted Antiques.
  2816 | D:5      | Noticed Dowan
  2816 | D:5      | Noticed Duvessa
  2839 | D:5      | Killed Duvessa
  2840 | D:5      | Reached XP level 7. HP: 68/70 MP: 6/6
  2848 | D:5      | Killed Dowan
  2927 | D:5      | Reached skill level 5 in Unarmed Combat
  3209 | D:5      | Noticed a wyvern
  3211 | D:5      | Identified the +1 pair of boots "Wemmoeg" {rC+ Dex+4 Slay+2
                  | Stlth-}
  3228 | D:5      | Killed a wyvern
  3229 | D:5      | Reached skill level 5 in Shields
  3240 | D:5      | Reached skill level 6 in Unarmed Combat
  3306 | D:5      | Reached XP level 8. HP: 79/79 MP: 7/7
  3429 | D:5      | Slain by a gnoll sergeant

Illustrated notes

Levels and vault maps discovered:
D:1:      wander_arrival_fairy_ring, layout_loops_cross, serial_shops,
          nicolae_shop_rolling_square
D:2:      layout_loops_cross
D:3:      layout_basic, minmay_misc_feat_tiny
D:4:      layout_basic, mainiacjoe_overflow_small_starburst,
          grunt_temple_overflow_diamond, serial_shops, nicolae_diamond_shop,
          nicolae_the_louvre
D:5:      kennysheep_windowed_halls, layout_layer_cave, serial_shops,
          shop_fountains, uniq_crazy_yiuf_cottage, uniq_duvessa, uniq_pikel

Skill      XL: |  1  2  3  4  5  6  7 |
---------------+----------------------+-----
Shields        | 3 4 5 |  5.3
Fighting       | 3 4 |  4.8
Dodging        | 3 |  3.0
Unarmed Combat | 3 4 6 |  6.3

Action                     |  1- 3 |  4- 6 |  7- 9 || total
---------------------------+-------+-------+-------++-------
  Melee: Unarmed           |   114 |   130 |    74 ||   318
    Use: Potion            |       |     2 |     2 ||     4
         Scroll            |       |    13 |       ||    13
   Stab: Sleeping          |       |     2 |       ||     2
 Armour: Robe              |    41 |    25 |    25 ||    91
  Dodge: Dodged            |    36 |    43 |    35 ||   114
  Block: Kite shield       |    42 |    42 |    53 ||   137

Table legend: (Time is in decaauts)
 A = Elapsed time spent in this place.
 B = Non-inter-level travel time spent in this place.
 C = Inter-level travel time spent in this place.
 D = Time resting spent in this place.
 E = Time spent auto-exploring this place.
 F = Levels seen in this place.
 G = Mean time per level.
                   A        B        C        D        E       F      G
               +--------+--------+--------+--------+--------+-----+--------+
         Total |   3415 |   3355 |     60 |    256 |   2220 |   5 |  683.0 |
       Dungeon |   3415 |   3355 |     60 |    256 |   2220 |   5 |  683.0 |
               +--------+--------+--------+--------+--------+-----+--------+

Top non-repeatable levels by time:
     D:5: 978 daAuts
     D:3: 628 daAuts
     D:2: 627 daAuts
     D:1: 605 daAuts
     D:4: 575 daAuts
